Map: King Sejong Station LE

Players

DasTier - Winner!

  • Race: Zerg Zerg
  • League: Gold
  • Spawn Location: 5:00

Fropez

  • Race: Protoss Protoss
  • Spawn Location: 11:00

VOD

Have the link to the VOD?

Description

Time

  • Played on: July 12, 2016, 4:34 p.m.
  • Length: 18:15
Show
View Real Time Build Order
Export as new Build Order

DasTier Zerg - Winner!

Build Orders: Pool First 

Get SALT Encoding   

  12  0:04  Drone  
  13  0:11  Drone  
  14  0:22  Extractor  
  14  0:25  Extractor, Drone  
  14  0:26  Drone  
  15  0:41  Spawning Pool  
  15  0:45  Extractor  
  15  0:47  Overlord  
  14  1:08  Drone x3  
  17  1:20  Drone  
  18  1:29  Queen  
  18  1:32  Drone  
  21  1:41  Overlord  
  21  1:49  Metabolic Boost  
  21  1:58  Zergling x2  
  22  2:03  Roach Warren  
  22  2:06  Zergling x2  
  22  2:23  Drone  
  22  2:25  Zergling x2  
  22  2:27  Hatchery  
  23  2:33  Queen  
  25  2:42  Zergling x2  
  25  2:43  Zergling x2  
  27  2:48  Overlord  
  27  2:54  Roach  
  26  3:28  Roach  
  26  3:29  Roach x4  
  36  3:40  Queen, Drone  
  35  4:00  Ravager  
  35  4:01  Ravager  
  37  4:05  Zergling x8  
  41  4:10  Drone x2  
  41  4:13  Ravager  
  44  4:39  Overlord x2  
  44  4:43  Extractor  
  43  4:46  Lair  
  43  4:57  Drone x4  
  43  4:58  Drone  
  48  5:01  Zergling x8  
  52  5:13  Overlord x2  
  48  5:36  Zergling x2  
  48  5:37  Zergling x4  
  48  5:39  Drone x5  
  56  5:46  Drone x3  
  59  5:53  Glial Reconstitution  
  49  6:23  Zergling x6  
  49  6:24  Zergling x4  
  49  6:25  Zergling x6  
  56  6:26  Zergling x4  
  59  6:33  Drone x2  
  59  6:36  Queen  
  59  6:37  Drone  
  64  6:42  Spire  
  64  6:46  Ravager x2  
  65  6:49  Burrow  
  65  6:51  Extractor  
  64  6:54  Drone  
  64  6:55  Drone  
  64  6:56  Extractor  
  65  7:05  Spore Crawler, Drone x2  
  56  7:31  Zergling x8  
  57  7:44  Drone x4  
  58  7:45  Drone  
  58  7:49  Zergling x6  
  65  7:53  Roach  
  65  7:54  Overlord  
  67  8:13  Overlord x2  
  67  8:38  Roach x3  
  72  8:42  Zergling x4  
  72  8:43  Zergling x6  
  71  9:12  Mutalisk  
  71  9:13  Mutalisk x3  
  71  9:15  Mutalisk x3  
  84  9:31  Spine Crawler  
  83  9:59  Drone x3  
  86  10:14  Mutalisk x2  
  86  10:15  Mutalisk  
  86  10:16  Hatchery  
  86  10:17  Overseer x2  
  86  10:18  Overlord x2  
  86  10:19  Overlord x2  
  78  11:06  Roach x3  
  78  11:07  Roach x3  
  78  11:08  Zergling x4  
  78  11:09  Zergling x2  
  93  11:26  Roach  
  95  11:59  Zergling x6  
  95  12:00  Zergling x6  
  100  12:02  Zergling x8  
  100  12:03  Zergling x4  
  105  12:15  Drone x3  
  105  12:16  Queen  
  105  12:20  Spine Crawler  
  108  12:23  Spine Crawler  
  107  12:52  Queen  
  66  14:01  Zergling x6  
  66  14:02  Zergling x12  
  71  14:03  Zergling x6  
  71  14:04  Mutalisk x6  
  71  14:05  Mutalisk  
  71  14:06  Mutalisk x2  
  71  14:07  Mutalisk  
  94  14:13  Extractor  
  93  14:19  Extractor  
  92  14:26  Tunneling Claws, Infestation Pit  
  92  14:31  Hatchery  
  90  14:32  Evolution Chamber  
  90  14:36  Evolution Chamber  
  88  14:38  Evolution Chamber  
  87  14:52  Roach x2  
  93  14:53  Roach  
  93  14:54  Roach x3  
  93  14:56  Roach x3  
  93  14:58  Overlord x2  
  105  15:01  Overseer x2  
  105  15:15  Drone  
  105  15:16  Drone  
  105  15:17  Drone x3  
  105  15:21  Overlord x4  
  101  15:54  Mutalisk x5  
  101  15:56  Mutalisk, Roach  
  94  15:57  Roach  
  94  15:58  Roach x5  
  94  15:59  Zergling x2  
  94  16:00  Zergling x8  
  107  16:48  Drone  
  107  16:49  Drone x2  
  107  16:50  Queen  
  112  16:59  Overlord x2  
  112  17:01  Overlord x4  
  96  17:26  Queen  
  66  17:44  Zergling x4  
  66  17:45  Zergling x8  
  66  17:46  Zergling x2  
  66  17:47  Zergling x12  
Show
View Real Time Build Order
Export as new Build Order

Fropez Protoss 

Build Orders:  

Get SALT Encoding   

  12  0:00  Probe (Chrono Boost)  
  13  0:16  Pylon  
  13  0:18  Probe (Chrono Boost)  
  14  0:28  Probe (Chrono Boost)  
  15  0:38  Gateway  
  15  0:39  Probe (Chrono Boost)  
  17  0:50  Probe (Chrono Boost)  
  17  0:56  Assimilator  
  17  1:00  Probe (Chrono Boost)  
  18  1:06  Assimilator  
  18  1:11  Probe (Chrono Boost)  
  19  1:21  Probe (Chrono Boost)  
  20  1:27  Pylon  
  20  1:28  Cybernetics Core  
  20  1:35  Pylon  
  20  1:47  Gateway  
  20  1:50  Probe (Chrono Boost)  
  21  2:01  Gateway  
  21  2:07  Warp Gate (Chrono Boost)  
  21  2:14  Stalker  
  23  2:21  Pylon  
  24  2:22  Probe (Chrono Boost)  
  24  2:34  Stalker  
  26  2:43  Probe  
  27  2:44  Stalker  
  29  2:58  Twilight Council  
  29  2:59  Probe  
  30  3:08  Adept  
  32  3:18  Stalker  
  32  3:21  Mothership Core (Chrono Boost)  
  34  3:40  Probe (Chrono Boost)  
  35  3:48  Resonating Glaives (Chrono Boost)  
  35  3:51  Probe (Chrono Boost)  
  35  3:54  Gateway  
  36  4:01  Pylon  
  36  4:10  Pylon  
  37  4:17  Probe (Chrono Boost)  
  37  4:30  Forge  
  37  4:34  Nexus  
  35  4:48  Pylon  
  35  4:53  Stalker  
  37  5:00  Stalker  
  37  5:07  Protoss Ground Weapons Level 1 (Chrono Boost)  
  39  5:12  Zealot  
  41  5:16  Pylon  
  41  5:20  Probe  
  42  5:37  Stalker  
  42  5:38  Stalker  
  42  5:39  Probe  
  46  5:56  Stalker x2  
  48  6:26  Stalker  
  48  6:27  Stalker x3  
  56  6:40  Assimilator  
  56  6:44  Assimilator  
  56  6:45  Probe x2  
  57  6:52  Gateway  
  57  6:53  Photon Cannon  
  58  6:58  Blink (Chrono Boost)  
  42  7:33  Stalker x4  
  48  7:37  Probe  
  48  7:38  Probe  
  48  7:48  Probe  
  48  7:50  Probe  
  50  8:03  Probe  
  50  8:04  Probe  
  52  8:09  Adept x5  
  62  8:22  Probe  
  62  8:24  Probe  
  62  8:33  Probe  
  56  8:36  Adept x2, Probe  
  56  8:37  Adept x3  
  62  9:03  Adept x2  
  62  9:04  Adept x2  
  62  9:05  Adept  
  72  9:44  Adept x3  
  78  9:58  Nexus  
  78  10:00  Assimilator  
  78  10:04  Pylon  
  78  10:05  Assimilator  
  78  10:07  Pylon  
  78  10:11  Pylon  
  78  10:15  Pylon  
  78  10:18  Pylon  
  78  10:21  Probe  
  78  10:22  Pylon, Probe  
  78  10:26  Stalker x5  
  82  10:49  Photon Cannon  
  82  10:52  Photon Cannon  
  82  10:54  Gateway  
  76  11:00  Photon Cannon  
  64  11:12  Photon Cannon  
  64  11:14  Pylon, Stalker x2  
  64  11:16  Stalker  
  62  11:26  Probe x2  
  62  11:27  Probe  
  62  11:28  Photon Cannon  
  65  11:33  Protoss Ground Weapons Level 2 (Chrono Boost)  
  99  11:40  Charge (Chrono Boost)  
  65  11:45  Stalker  
  67  11:50  Stalker x2  
  71  12:08  Stalker x3  
  73  12:10  Probe  
  73  12:12  Probe  
  79  12:18  Gateway  
  79  12:35  Probe  
  79  12:36  Probe  
  81  12:38  Gateway  
  81  12:39  Gateway  
  81  12:40  Gateway  
  81  12:41  Probe  
  82  12:48  Stalker  
  82  12:49  Stalker x2  
  82  12:50  Stalker  
  87  12:59  Stalker x2  
  91  13:19  Zealot  
  83  13:20  Zealot x2  
  85  13:32  Zealot x3  
  83  13:48  Stalker x3  
  75  13:59  Probe  
  75  14:01  Probe x2  
  76  14:19  Nexus  
  76  14:21  Assimilator  
  76  14:23  Stalker  
  76  14:24  Pylon, Stalker x5  
  80  14:26  Pylon  
  88  14:36  Photon Cannon  
  88  14:39  Gateway  
  88  14:42  Robotics Facility  
  88  14:44  Pylon  
  88  14:48  Pylon  
  88  14:50  Pylon  
  88  15:01  Photon Cannon  
  88  15:02  Photon Cannon  
  88  15:03  Photon Cannon  
  88  15:17  Pylon  
  88  15:30  Probe  
  88  15:32  Probe  
  84  15:43  Pylon  
  84  15:51  Protoss Ground Weapons Level 3 (Chrono Boost)  
  84  15:54  Stalker x4  
  84  15:55  Stalker x3  
  71  16:39  Stalker x3  
  63  16:40  Stalker x2  
  63  16:41  Stalker x3  
  69  16:56  Observer  
  68  17:11  Stalker x2  
  68  17:12  Stalker x4  
  56  17:25  Zealot  
  56  17:26  Zealot x2  
  56  17:27  Zealot x2  
  58  17:37  Stalker x2  
  51  17:47  Stalker  
  51  17:48  Stalker  
Tags
 
League
Gold
Matchup
PvZ
Opening
Pool First
Replay Pack
All Mines
Spawn Locations
Cross Positions
Add a new tag
Caveats
  • Supply blocks, unpowered buildings, or Contaminate may cause inaccurate times.
  • Supply counts are checked every 10 seconds.